 Dungeon Crawl Stone Soup version 0.19-a0-1827-g174f941 (webtiles) character file.

164 mrath the Cudgeler (level 5, -1/45 HPs)
             Began as a Minotaur Chaos Knight on Oct 7, 2016.
             Slain by an iguana (8 damage)
             ... on level 4 of the Dungeon.
             The game lasted 00:06:47 (2827 turns).

mrath the Cudgeler (Minotaur Chaos Knight)          Turns: 2827, Time: 00:06:48

Health: -1/45      AC:  8    Str: 17    XL:     5   Next: 21%
Magic:  4/4        EV: 11    Int:  9    God:    Xom [...*..]
Gold:   146        SH:  0    Dex: 10    Spells: 0 memorised, 4 levels left

rFire  . . .     SeeInvis .     a - +0 mace (chaos)
rCold  . . .     Gourm    .     b - +2 leather armour
rNeg   . . .     Faith    .     (no shield)
rPois  .         Spirit   .     (helmet restricted)
rElec  .         Dismiss  .     (no cloak)
rCorr  .         Reflect  .     n - +2 pair of gloves
MR     .....     Harm     .     (no boots)
Stlth  +.........               (no amulet)
                                (no ring)
                                (no ring)

@: no status effects
A: retaliatory headbutt, horns 2
a: Renounce Religion


You were on level 4 of the Dungeon.
You worshipped Xom.
You were a favourite toy of Xom.
You were not hungry.

You visited 1 branch of the dungeon, and saw 4 of its levels.

You collected 146 gold pieces.

Inventory:

Hand Weapons
 a - a +0 mace of chaos (weapon)
 m - a +0 morningstar
Missiles
 d - 128 stones (quivered)
 q - 8 curare-tipped needles
 t - 9 poisoned needles
Armour
 b - a +2 leather armour (worn)
 j - a +0 pair of gloves
 k - a +0 chain mail
 n - a +2 pair of gloves (worn)
Scrolls
 e - 3 scrolls of identify {unknown}
 g - 3 scrolls of teleportation {unknown}
 i - 2 scrolls of enchant weapon {unknown}
 l - a scroll of remove curse {unknown}
 o - 2 scrolls of amnesia {unknown}
 p - a scroll of fog {unknown}
 s - a scroll of magic mapping {unknown}
Potions
 f - a potion of lignification {unknown}
 h - 2 potions of heal wounds {unknown}
 r - 2 potions of resistance {unknown}
Comestibles
 c - 4 bread rations
 u - 7 chunks of flesh


   Skills:
 - Level 3.6 Fighting
 + Level 7.2 Maces & Flails
 - Level 2.4 Armour
 - Level 1.1 Dodging


You had 4 spell levels left.
You didn't know any spells.

Dungeon Overview and Level Annotations

Branches:
Dungeon (4/15)
 Temple: D:4-7

Altars:
Ashenzari
Kikubaaqudgha
Ru
Vehumet
Zin


Innate Abilities, Weirdness & Mutations

You reflexively headbutt those who attack you in melee.
You have a pair of horns on your head.


Message History

HP restored.
You see here a spear.
d - 109 stones (gained 22)
d - 128 stones (gained 19)
An iguana comes into view.
The iguana hisses angrily.
The iguana bites you!
You hit the iguana but do no damage. The iguana bites you.
You hit the iguana but do no damage. The iguana bites you!
You hit the iguana. Frost covers your body.
The iguana is moderately wounded.
The iguana bites you!
* * * LOW HITPOINT WARNING * * *
You hit the iguana.
The iguana is heavily wounded.
The iguana misses you.
You barely miss the iguana.
The iguana is heavily wounded.
The iguana bites you!
You die...

#.# #.# #.#
#.# #.# #.#
#.# #.# #.#
#.# #.#
####.####
#....@l.#
#.......#
#.......#
#.........#
##........#
#........#
#.###.####
#. #.


You could see an iguana.

Vanquished Creatures
  A hound (D:4)
  4 gnolls (D:4)
  An adder (D:3)
  2 oozes
  A worm (D:3)
  A dart slug (D:1)
  3 leopard geckos
  3 orcs (D:3)
  5 giant cockroaches
  10 goblins
  4 hobgoblins
  5 jackals
  5 kobolds
  A quokka (D:2)
  4 ball pythons
  5 bats
  8 frilled lizards
  7 rats
70 creatures vanquished.

Notes
Turn   | Place    | Note
-------+----------+-------------------------------------------
     0 | D:1      | mrath the Minotaur Chaos Knight began the quest for the Orb.
     0 | D:1      | Reached XP level 1. HP: 19/19 MP: 0/0
   124 | D:1      | Reached skill level 4 in Maces & Flails
   346 | D:1      | Reached XP level 2. HP: 26/26 MP: 1/1
   611 | D:1      | XOM: potion effect (might)
   856 | D:1      | Reached skill level 5 in Maces & Flails
  1090 | D:2      | Reached XP level 3. HP: 31/31 MP: 2/2
  1369 | D:2      | XOM: harmless Tmut miscast
  1566 | D:2      | XOM: divination: detect creatures
  1596 | D:2      | XOM: harmless Pois miscast
  1928 | D:3      | Found a shattered altar of Ashenzari.
  1938 | D:3      | Reached XP level 4. HP: 39/39 MP: 3/3
  2020 | D:3      | Found an ancient bone altar of Kikubaaqudgha.
  2022 | D:3      | Found a glowing silver altar of Zin.
  2037 | D:3      | Found a radiant altar of Vehumet.
  2098 | D:3      | Reached skill level 6 in Maces & Flails
  2247 | D:3      | XOM: divination: detect creatures
  2382 | D:3      | Found a sacrificial altar of Ru.
  2688 | D:4      | XOM: potion effect (brilliance)
  2690 | D:4      | XOM: divination: detect creatures
  2693 | D:4      | XOM: cast spell 'Olgreb's Toxic Radiance'
  2701 | D:4      | Reached skill level 7 in Maces & Flails
  2701 | D:4      | Reached XP level 5. HP: 33/45 MP: 4/4
  2827 | D:4      | Slain by an iguana

Vault maps used:
D:1:      dpeg_arrival_concentric_ovals, moated_statue
D:3:      minmay_overflow_temple_star_quad, nicolae_ru_path_of_blood,
          first_bread, evilmike_ruin_ashenzari
D:4:      uniq_menkaure, uniq_pikel

Skill      XL: |  1  2  3  4 |
---------------+-------------+-----
Maces & Flails | 4 5 7 |  7.2
Fighting       | |  3.6
Armour         | |  2.4
Dodging        | |  1.1

Action                   |  1- 3 |  4- 6 || total
-------------------------+-------+-------++-------
Melee: Mace              |    98 |    45 ||   143
       Headbutt          |    13 |     5 ||    18
 Stab: Paralysed         |       |     1 ||     1
  Eat: Chunk             |     3 |     3 ||     6
Armor: Leather armour    |    41 |    20 ||    61
Dodge: Dodged            |    50 |    21 ||    71
